AoeStats
← majd.lukili

Arabia

510381972Analyzed
1v1 RM · 1d ago on Sep 30, 2026· 50m 4s· 2 players
Game mode
Random Map
Map size
Tiny (2 player)
Population
200
Speed
Normal
Resources
Standard
Victory
Conquest
Starting age
Dark Age
Ending age
Imperial Age
RankedLock teamsTeams togetherTeam positionsShared explorationLock speedFull tech treeHidden civsTurbo modeCheats
Victory
Defeat
🇪🇸 Japanese · Spain
1146
+15
🇲🇦 Varangians · Morocco
1115
-15
majd.lukili
6:37 Loom
9:04 Feudal Age
9:48 Double-Bit Axe
10:44 Horse Collar
11:15 Town Watch
17:54 Wheelbarrow
21:06 Castle Age
20:13 Gold Mining
21:21 Fletching
21:32 Padded Archer Armor
22:14 Bow Saw
22:04 Bodkin Arrow
24:38 Leather Archer Armor
25:44 Ballistics
26:35 Hand Cart
28:38 Town Patrol
34:11 Imperial Age
32:21 Scale Barding Armor
32:28 Heavy Plow
33:30 Forging
33:20 Scale Mail Armor
34:04 Murder Holes
34:48 Squires
34:34 Arson
34:35 Gambesons
35:11 Guilds
35:26 Stone Mining
36:39 Two-Man Saw
36:22 Crop Rotation
36:19 Cranequins
38:14 Conscription
39:35 Stone Shaft Mining
38:27 Gothikon
39:20 Elite Varangian Guard
41:25 Heavy Mounted Crossbowman
44:23 Chemistry
43:29 Siege Engineers
43:05 Treadmill Crane
43:40 Elite Skirmisher
45:37 Elite Jarl
47:19 Bracer
47:47 Chain Barding Armor
48:03 Iron Casting
47:58 Ring Archer Armor
47:44 Chain Mail Armor
Agapito di Sousa
7:57 Loom
11:15 Feudal Age
12:53 Double-Bit Axe
13:01 Horse Collar
19:45 Castle Age
17:34 Man-at-Arms
20:19 Long Swordsman
20:44 Gambesons
21:00 Squires
24:01 Wheelbarrow
25:37 Hand Cart
25:30 Town Watch
28:10 Fletching
29:32 Ballistics
29:02 Guard Tower
29:37 Bodkin Arrow
30:41 Guard Tower
33:41 Imperial Age
32:39 Scale Mail Armor
32:49 Forging
34:52 Bracer
34:37 Treadmill Crane
34:35 Elite Skirmisher
35:54 Padded Archer Armor
36:01 Heavy Plow
36:57 Leather Archer Armor
36:57 Chain Mail Armor
37:44 Conscription
38:36 Ring Archer Armor
37:47 Two-Handed Swordsman
39:41 Chemistry
41:11 Plate Mail Armor
40:19 Champion
42:38 Iron Casting
45:08 Blast Furnace
47:22 Kataparuto
47:25 Yasama
48:05 Keep
47:16 Arrowslits
49:20 Arson
50:51 Hoardings
Connection lost

Rejoining the realm…

Still unreachable

The connection could not be restored.

Session expired

The server has moved on; the page needs a fresh start.